 Dungeon Crawl Stone Soup version 0.26-a0-455-g0958c023ba (webtiles) character file.

Game seed: 15634240330970518237

158 Mesmaeker13 the Chiller (level 5, -1/38 HPs)
             Began as a Draconian Ice Elementalist on July 29, 2020.
             Killed from afar by Ijyb (3 damage)
             ... with a puff of flame
             ... on level 4 of the Dungeon.
             The game lasted 00:08:13 (2159 turns).

Mesmaeker13 the Chiller (DrIE)                      Turns: 2159, Time: 00:08:14

Health: -1/38      AC:  5    Str: 10    XL:     5   Next: 16%
Magic:  6/9        EV: 13    Int: 17    God:
Gold:   80         SH:  0    Dex: 11    Spells: 6/10 levels left

rFire    . . .     SeeInvis +   a - +0 hand axe
rCold    . . .     Faith    .   (no shield)
rNeg     + . .     Spirit   .   (armour unavailable)
rPois    .         Reflect  .   (helmet restricted)
rElec    .         Harm     .   (no cloak)
rCorr    .                      (no gloves)
MR       .....                  (no boots)
Stlth    ++........             (no amulet)
HPRegen  0.12/turn              h - ring of see invisible
MPRegen  0.11/turn              j - ring of positive energy

@: no status effects
A: unfitting armour, cold-blooded, AC +5
a: no special abilities


You were on level 4 of the Dungeon.
You visited 1 branch of the dungeon, and saw 3 of its levels.

You collected 80 gold pieces.

Inventory:

Hand Weapons
 a - a +0 hand axe (weapon)
Missiles
 l - 10 poisoned darts (quivered)
 m - 3 javelins
Jewellery
 h - a ring of see invisible (left hand)
 j - a ring of positive energy (right hand)
Scrolls
 c - a scroll of remove curse
 d - a scroll of teleportation
 f - a scroll of enchant armour
 i - a scroll of magic mapping {unknown}
 k - a scroll of amnesia {unknown}
Potions
 b - a potion of ambrosia {unknown}
 e - a potion of haste {unknown}
 g - a potion of resistance {unknown}
 n - 2 potions of heal wounds {unknown}


   Skills:
 + Level 3.1 Dodging
 - Level 1.7 Stealth
 + Level 3.2 Spellcasting
 + Level 5.0 Ice Magic


You had 6 spell levels left.
You knew the following spells:

 Your Spells              Type           Power        Failure   Level
a - Freeze                Ice            ###.         2%          1
b - Frozen Ramparts       Ice            ###...       7%          3

Your spell library contained the following spells:

 Spells                   Type           Power        Failure   Level
 Ozocubu's Armour         Ice            ###.....     7%          3
 Hailstorm                Conj/Ice       ##......     52%         4
 Summon Ice Beast         Ice/Summ       ##......     52%         4


Dungeon Overview and Level Annotations

Branches:
Dungeon (2/15)

Altars:
Cheibriados

Portals:
Ossuary: D:4

Annotations:
D:4 3 runed translucent doors, Ijyb, Menkaure


Innate Abilities, Weirdness & Mutations

Your plain brown scales are hard. (AC +5)
You cannot fit into any form of body armour.
You are cold-blooded and may be slowed by cold attacks.


Message History

Aim: Ijyb, wielding a +0 club, wearing a +2 chain mail of cold resistance and carrying a wand of flame (11) (heavily wounded)
You throw a poisoned dart. The poisoned dart closely misses Ijyb.
Ijyb resists.
The wall freezes Ijyb.
Ijyb hits you but does no damage.
The wall freezes the giant cockroach.
You kill the giant cockroach!
Your Ice Magic skill increases to level 5!
Throwing (i - inventory. (/) - cycle)
l - 11 poisoned darts (quivered)
Press: ? - help, Shift-Dir - straight line, f/p - Ijyb
Aim: Ijyb, wielding a +0 club, wearing a +2 chain mail of cold resistance and carrying a wand of flame (11) (heavily wounded)
You throw a poisoned dart. The poisoned dart closely misses Ijyb.
Ijyb resists.
The wall freezes Ijyb.
Ijyb zaps a wand.
The puff of flame hits you!
* * * LOW HITPOINT WARNING * * *
Throwing (i - inventory. (/) - cycle)
l - 10 poisoned darts (quivered)
Press: ? - help, Shift-Dir - straight line, f/p - Ijyb
Aim: Ijyb, wielding a +0 club, wearing a +2 chain mail of cold resistance and carrying a wand of flame (10) (severely wounded)
Okay, then.
Okay, then.
The frozen ramparts melt away.
Ijyb zaps a wand.
The puff of flame hits you.
You die...

##............ #. #
##...†#............# .. #
##...##.....#....#.# ... .
......#....###.....####... .
......##...........#.....
.......#....##.....#...# . .
...........#.....#.....# .(
.
#...##...........#.....##...
.
#...#...........@.g.#..(....
.
##.###.#.........#..†.(.....
. #.# ###..#...######.((#...
. ######...###.# ##### .
##...#.#.#.## .
#...........# ##......##.##
###...##### #....# .


You could see Ijyb.

Vanquished Creatures
  A bullfrog skeleton (D:4)
  A worker ant (D:2)
  5 adders
  An ooze (D:4)
  A worm (D:4)
  A dart slug (D:1)
  3 leopard geckos
  3 bats
  5 giant cockroaches
  8 goblins
  4 hobgoblins
  2 jackals (D:1)
  3 kobolds
  2 quokkas
  A ball python (D:2)
  5 frilled lizards
  7 rats
53 creatures vanquished.

Notes
Turn   | Place    | Note
-------+----------+-------------------------------------------
     0 | D:1      | Mesmaeker13 the Draconian Ice Elementalist began the quest
                  | for the Orb.
     0 | D:1      | Reached XP level 1. HP: 14/14 MP: 3/3
   220 | D:1      | Reached XP level 2. HP: 20/20 MP: 1/5
   851 | D:1      | Reached XP level 3. HP: 15/26 MP: 4/6
  1192 | D:2      | Learned a level 3 spell: Frozen Ramparts
  1349 | D:2      | Reached XP level 4. HP: 18/33 MP: 0/8
  1843 | D:2      | You fall into a shaft and drop 2 floors!
  1844 | D:4      | Noticed Menkaure
  1997 | D:4      | Found a runed translucent gate.
  1997 | D:4      | Found a runed translucent gate.
  1997 | D:4      | Found a runed translucent gate.
  1999 | D:4      | Found a sand-covered staircase.
  2059 | D:4      | Reached XP level 5. HP: 37/38 MP: 6/9
  2069 | D:4      | Found a snail-covered altar of Cheibriados.
  2144 | D:4      | Noticed Ijyb
  2154 | D:4      | Reached skill level 5 in Ice Magic
  2159 | D:4      | Killed from afar by Ijyb

Illustrated notes

Levels and vault maps discovered:
D:1:      lightli_arrival_maybe_door_vault, layout_basic
D:2:      layout_loops_ring, minmay_misc_feat_pillars
D:4:      layout_cave_pools, kennysheep_little_box, lemuel_crystal_altar,
          enter_ossuary_1, gammafunk_ghost_necromancy, uniq_ijyb,
          uniq_crazy_yiuf_cottage, uniq_menkaure

Skill      XL: |  1  2  3  4  5 |
---------------+----------------+-----
Dodging        | 2 3 |  3.1
Spellcasting   | 3 |  3.2
Ice Magic      | 5 |  5.0
Stealth        | |  1.7

Action                   |  1- 3 |  4- 6 || total
-------------------------+-------+-------++-------
Melee: Unarmed           |     1 |       ||     1
       Hand axe          |    33 |    25 ||    58
       Tailslap          |     1 |     3 ||     4
Throw: Dart              |       |     6 ||     6
 Cast: Freeze            |    32 |    27 ||    59
       Frozen Ramparts   |     1 |     2 ||     3
  Use: Scroll            |       |     5 ||     5
 Stab: Sleeping          |     3 |     1 ||     4
Armor: Skin              |    19 |    19 ||    38
Dodge: Dodged            |    34 |    39 ||    73

Table legend: (Time is in decaauts)
 A = Elapsed time spent in this place.
 B = Non-inter-level travel time spent in this place.
 C = Inter-level travel time spent in this place.
 D = Time resting spent in this place.
 E = Time spent auto-exploring this place.
 F = Levels seen in this place.
 G = Mean time per level.
                   A        B        C        D        E       F      G
               +--------+--------+--------+--------+--------+-----+--------+
         Total |   2174 |   2172 |      2 |    545 |   1016 |   3 |  724.7 |
       Dungeon |   2174 |   2172 |      2 |    545 |   1016 |   3 |  724.7 |
               +--------+--------+--------+--------+--------+-----+--------+

Top non-repeatable levels by time:
     D:1: 1118 daAuts
     D:2: 735 daAuts
     D:4: 320 daAuts
